 Dungeon Crawl Stone Soup version 0.29-a0-308-g4e025c60ea (webtiles) character file.

Game seed: 12415205495714651154

214 GordonOverkill the Shooter (level 5, -1/32 HPs)
             Began as a Deep Elf Hunter on Mar 28, 2022.
             Slain by Pikel
             ... wielding a +1 whip of electrocution
              (3 damage)
             ... on level 4 of the Dungeon.
             The game lasted 00:07:41 (3085 turns).

GordonOverkill the Shooter (Deep Elf Hunter)        Turns: 3085, Time: 00:07:41

Health: -1/32      AC:  9    Str: 10    XL:     5   Next: 60%
Magic:  7/7        EV: 13    Int: 14    God:
Gold:   195        SH:  0    Dex: 24    Spells: 4/4 levels left

rFire   . . .      SeeInvis .   a - +1 shortbow
rCold   . . .      Faith    .   (shield currently unavailable)
rNeg    . . .      Spirit   .   b - +0 leather armour
rPois   .          Reflect  .   f - +2 helmet
rElec   .          Harm     .   (no cloak)
rCorr   .          Rampage  .   (no gloves)
Will    .....                   d - +2 pair of boots
Stlth   ++........              (no amulet)
HPRegen 0.10/turn               j - +6 ring of dexterity
MPRegen 0.10/turn               (no ring)

@: no status effects
A: no striking features
a: no special abilities


You were on level 4 of the Dungeon.
You visited 1 branch of the dungeon, and saw 4 of its levels.

You collected 195 gold pieces.

Inventory:

Hand Weapons
 a - a +1 shortbow (weapon)
Armour
 b - a +0 leather armour (worn)
 d - a +2 pair of boots (worn)
 f - a +2 helmet (worn)
Jewellery
 i - an amulet of guardian spirit
 j - a +6 ring of dexterity (left hand)
Scrolls
 c - 2 scrolls of immolation
 e - a scroll of identify
 m - a scroll of amnesia {unknown}
 p - a scroll of holy word {unknown}
Potions
 g - a potion of flight
 h - a potion of magic
 k - a potion of curing
 n - a potion of berserk rage {unknown}


   Skills:
 + Level 3.6 Fighting
 + Level 7.5 Bows
 - Level 2.4 Dodging
 - Level 1.2 Stealth


You had 4 spell levels left.
You didn't know any spells.
Your spell library contained the following spells:

 Spells                   Type           Power      Damage    Failure   Level
 Frozen Ramparts          Ice            0%         1d2       75%         3
 Animate Dead             Necr           0%         N/A       98%         4
 Ice Form                 Ice/Tmut       0%         N/A       98%         4
 Summon Ice Beast         Ice/Summ       0%         N/A       98%         4
 Haunt                    Necr/Summ      0%         N/A       100%        7
 Infestation              Necr           0%         N/A       100%        8


Dungeon Overview and Level Annotations

Branches:
Dungeon (4/15)
 Temple: D:4-7

Altars:

Shops:
D:1 :   D:2 [

Annotations:
D:4 Pikel


Message History

You shoot an arrow. The arrow barely misses the adder.
The arrow hits Pikel but does no damage.
You feel sick.
You are no longer poisoned.
The adder closely misses you.
Pikel says, "Hell isn't that bad."
The adder closely misses you.
Shoot: a) +1 shortbow
Press: ? - help, Q - select action Shift-Dir - straight line, f - orc, p - adder
Aim: an orc, wielding a +0 club (69% to hit)
You shoot an arrow. The arrow hits the adder!
The adder is almost dead.
The adder barely misses you.
Shoot: a) +1 shortbow
Press: ? - help, Q - select action Shift-Dir - straight line, f/p - orc
Aim: an orc, wielding a +0 club (69% to hit)
You shoot an arrow. The arrow hits the adder!
You kill the adder!
Pikel hits you with a +1 whip of electrocution.
Pikel attacks as you move away!
Pikel hits you with a +1 whip of electrocution.
A lemure comes into view.
Pikel waves his whip at you. Pikel attacks as you move away!
Pikel hits you with a +1 whip of electrocution!
* * * LOW HITPOINT WARNING * * *
A hobgoblin comes into view.
Pikel attacks as you move away!
Pikel hits you with a +1 whip of electrocution!
* * * LOW HITPOINT WARNING * * *
You are electrocuted!
* * * LOW HITPOINT WARNING * * *
Okay, then.
Pikel attacks as you move away! Pikel barely misses you.
A lemure comes into view.
Okay, then.
Pikel attacks as you move away! Pikel barely misses you.
Pikel attacks as you move away!
Pikel hits you with a +1 whip of electrocution.
You die...

#######.##..########
#.. #.##..........
...
#.###.###########.
#.# #.# #. #.# #.#
#. #.###.# #.....#
##.##### #.@.#
###K#.### #.5.#...#
#.#####.# #...#...#
###5#.#.########
#...#.........
###o......#####
#......g..#


You could see Pikel and a lemure.

Vanquished Creatures
  A scorpion (D:4)
  A jelly (D:4)
  5 adders
  A worm (D:2)
  2 dart slugs
  2 orcs (D:3)
  5 bats
  7 endoplasms
  9 giant cockroaches
  7 hobgoblins
  8 jackals
  2 quokkas
  2 ball pythons
  3 frilled lizards
  4 goblins
  4 kobolds
  10 rats
73 creatures vanquished.

Vanquished Creatures (others)
  A plant (D:1)
  A withered plant (D:1)
2 creatures vanquished.

Grand Total: 75 creatures vanquished

Notes
Turn   | Place    | Note
-------+----------+-------------------------------------------
     0 | D:1      | GordonOverkill the Deep Elf Hunter began the quest for the
                  | Orb.
     0 | D:1      | Reached XP level 1. HP: 12/12 MP: 3/3
     2 | D:1      | Noticed a draconian
     2 | D:1      | Noticed a vine stalker
     4 | D:1      | Noticed a minotaur
     4 | D:1      | Noticed an octopode
     6 | D:1      | Noticed a spriggan
     8 | D:1      | Noticed a naga
    10 | D:1      | Noticed a tengu
    12 | D:1      | Noticed a merfolk
    12 | D:1      | Noticed an ogre
    14 | D:1      | Noticed a troll
    16 | D:1      | Noticed a gargoyle
    16 | D:1      | Noticed an elf
    18 | D:1      | Noticed a formicid
    18 | D:1      | Noticed a vampire
    20 | D:1      | Noticed a demonspawn
    22 | D:1      | Noticed a felid
    22 | D:1      | Noticed a ghoul
    24 | D:1      | Noticed a human
    24 | D:1      | Noticed a dwarf
    26 | D:1      | Noticed a demigod
    72 | D:1      | Reached XP level 2. HP: 17/17 MP: 4/4
   229 | D:1      | Found a faded altar of an unknown god.
   847 | D:1      | Found Iseol's Book Boutique.
   853 | D:1      | Reached skill level 6 in Bows
  1054 | D:2      | Reached XP level 3. HP: 21/21 MP: 5/5
  1267 | D:2      | Found Taikk's Armour Boutique.
  1467 | D:2      | Reached XP level 4. HP: 27/27 MP: 6/6
  2433 | D:3      | Noticed a necrophage
  2943 | D:4      | Reached skill level 7 in Bows
  2943 | D:4      | Reached XP level 5. HP: 32/32 MP: 7/7
  3059 | D:4      | Noticed a lemure
  3059 | D:4      | Noticed Pikel
  3070 | D:4      | Noticed a lemure
  3081 | D:4      | Noticed a lemure
  3085 | D:4      | Slain by Pikel

Illustrated notes

Levels and vault maps discovered:
D:1:      kb_arrival_jail, layout_loops_corners, serial_shops,
          nicolae_shop_advertising_works [nicolae_subvault_shop_adworks],
          shapermc_ecumenical_altar_flowoftime, minmay_misc_feat_alley
D:2:      layout_basic, serial_shops, nicolae_shop_hallway_stairs,
          kennysheep_cross_bottleneck
D:3:      layout_basic
D:4:      layout_loops_ring, minmay_quadrilaterals, uniq_pikel

Skill      XL: |  1  2  3  4 |
---------------+-------------+-----
Fighting       | 2 3 |  3.6
Bows           | 6 7 |  7.5
Dodging        | |  2.4
Stealth        | |  1.2

Action                   |  1- 3 |  4- 6 || total
-------------------------+-------+-------++-------
 Fire: Shortbow          |    95 |    77 ||   172
  Use: Scroll            |     2 |     3 ||     5
       Potion            |       |     1 ||     1
Armor: Leather armour    |     4 |    13 ||    17
Dodge: Dodged            |    20 |    34 ||    54

Table legend: (Time is in decaauts)
 A = Elapsed time spent in this place.
 B = Non-inter-level travel time spent in this place.
 C = Inter-level travel time spent in this place.
 D = Time resting spent in this place.
 E = Time spent auto-exploring this place.
 F = Levels seen in this place.
 G = Mean time per level.
                   A        B        C        D        E       F      G
               +--------+--------+--------+--------+--------+-----+--------+
         Total |   3124 |   2928 |    196 |    127 |   2231 |   4 |  781.0 |
       Dungeon |   3124 |   2928 |    196 |    127 |   2231 |   4 |  781.0 |
               +--------+--------+--------+--------+--------+-----+--------+

Top non-repeatable levels by time:
     D:3: 1109 daAuts
     D:1: 1054 daAuts
     D:2: 793 daAuts
     D:4: 166 daAuts
